Flyers vs Devils

Created - January-11-15 at 10:32

Goals
1 2 3 T
Flyers 1 2 1 4
Devils 3 0 0 3
Shots
1 2 3 T
Flyers 7 6 8 21
Devils 14 16 11 41

1st period

1. Flyers , Daniel Sedin 22 (Kyle Okposo, Joel Ward) at 1:49 (PP)
2. Devils , Johan Franzen 10 (Nikita Nikitin, Willie Mitchell) at 8:45 (PP)
3. Devils , Scott Hartnell 21 (Willie Mitchell, Vincent Trocheck) at 11:49 (PP)
4. Devils , Marc-Edouard Vlasic 5 (Darren Helm) at 19:10 (PP)

Penalties :
Darren Helm (NJD) for Hooking (Minor) at 0:33, Frederik Andersen (PHI) for Slashing (Double Minor) at 7:20 - Kyle Brodziak served the penalty., Mike Ribeiro (PHI) for Holding (Minor) at 11:00, Marek Zidlicky (PHI) for Slashing (Minor) at 17:33

2nd period

5. Flyers , Dany Heatley 5 (Gabriel Bourque, Olli Jokinen) at 9:49
6. Flyers , Dan Boyle 7 (Damien Brunner, Mark Fistric) at 18:15

Penalties :
Ryan Ellis (PHI) for Roughing (Minor) at 0:29, Mike Ribeiro (PHI) for Roughing (Minor) at 18:16

3rd period

7. Flyers , Mark Fistric 1 (Kyle Okposo, Daniel Sedin) at 17:01

Penalties :
Frederik Andersen (PHI) for Slashing (Minor) at 13:52 - Daniel Sedin served the penalty.

Goalie Stats

Frederik Andersen (PHI), 38 saves from 41 shots - (0.927), W, 12-11-1, 60:00 minutes
Corey Crawford (NJD), 17 saves from 21 shots - (0.810), L, 14-14-2, 60:00 minutes

Players Stats for Flyers

Player Name              G  A  P  +/- PIM S  H  SB GA TA FO     MP     PP MP  PK MP  
------------------------------------------------------------------------------------
Damien Brunner           0  1  1   1  0   0  0  0  0  0  0/5     4:50   0:00   0:24 
Dan Boyle                1  0  1   1  0   1  2  1  0  0  0/0    26:52   0:24   4:19 
Daniel Sedin             1  1  2   1  0   2  0  0  0  0  1/7    20:26   0:24   3:29 
Dany Heatley             1  0  1   1  0   1  0  0  0  0  0/0    10:53   0:00   0:00 
Gabriel Bourque          0  1  1   1  0   3  1  0  0  0  0/1    10:56   0:00   0:03 
Jack Skille              0  0  0   1  0   0  1  0  0  0  0/0     3:21   0:00   0:00 
Joel Ward                0  1  1   1  0   1  2  0  0  0  2/5    23:21   0:24   7:20 
Kyle Brodziak            0  0  0   0  0   1  4  0  0  0  5/14   22:16   0:52   4:24 
Kyle Okposo              0  2  2   1  0   4  0  0  0  0  9/19   16:01   0:24   0:00 
Marek Zidlicky           0  0  0   0  2   1  2  1  0  0  0/0    27:36   0:52   6:00 
Mark Fistric             1  1  2   3  0   1  0  1  0  0  0/0    10:59   0:00   2:52 
Mike Ribeiro             0  0  0   0  4   0  0  0  0  0  13/21  17:06   0:52   0:00 
Mike Santorelli          0  0  0   0  0   4  0  0  0  0  1/3    22:16   0:52   4:24 
Nathan Gerbe             0  0  0   1  0   0  0  1  0  0  4/4     6:57   0:00   3:30 
Olli Jokinen             0  1  1   1  0   2  0  0  0  0  5/11   10:53   0:00   0:00 
Philip Larsen            0  0  0   1  0   0  2  0  0  0  0/0    14:00   0:00   0:17 
Ryan Ellis               0  0  0   0  2   0  2  1  0  0  0/0    13:41   0:24   0:27 
Tom Gilbert              0  0  0   1  0   0  0  1  0  0  0/0    25:45   0:52   9:39 

Players Stats for Devils

Player Name              G  A  P  +/- PIM S  H  SB GA TA FO     MP     PP MP  PK MP  
------------------------------------------------------------------------------------
Ales Hemsky              0  0  0   0  0   2  0  0  0  0  1/1    15:02   0:00   0:38 
Darren Helm              0  1  1  -2  2   1  3  0  0  0  22/33  22:03   5:53   0:00 
Jamie McGinn             0  0  0   0  0   0  1  0  0  0  1/1     2:00   0:00   0:00 
Johan Franzen            1  0  1  -2  0   2  1  0  0  0  1/2    24:42   5:53   0:38 
Justin Schultz           0  0  0   0  0   1  0  0  0  0  0/0    11:50   0:00   0:00 
Marc-Edouard Vlasic      1  0  1  -2  0   4  1  1  0  0  0/0    25:18   6:33   0:28 
Mark Fayne               0  0  0   0  0   0  0  1  0  0  0/0     5:38   0:00   0:00 
Michal Rozsival          0  0  0   0  0   1  0  1  0  0  0/0     9:47   0:00   0:00 
Nikita Nikitin           0  1  1  -1  0   4  1  1  0  0  0/0    20:24   5:14   0:48 
Patrick Wiercioch        0  0  0   0  0   0  0  1  0  0  0/0     3:12   0:00   0:00 
Scott Hartnell           1  0  1  -1  0   2  1  0  0  0  1/2    20:54   5:54   0:38 
Steve Ott                0  0  0  -1  0   4  1  0  0  0  1/1    20:16   5:54   0:00 
Tommy Wingels            0  0  0   0  0   3  4  0  0  0  0/1    14:24   0:00   0:00 
Trevor Daley             0  0  0  -2  0   1  1  1  0  0  0/0    23:27   6:33   0:28 
Tyler Johnson            0  0  0   0  0   5  0  0  0  0  6/17   14:24   0:00   0:00 
Vincent Trocheck         0  1  1  -1  0   4  0  0  0  0  16/29  20:16   5:54   0:00 
Wayne Simmonds           0  0  0  -2  0   5  2  0  0  0  1/3    24:42   5:53   0:38 
Willie Mitchell          0  2  2  -1  0   2  1  0  0  0  0/0    20:24   5:14   0:48 

3 Stars

1 - Mark Fistric (PHI)
2 - Daniel Sedin (PHI)
3 - Dan Boyle (PHI)

Power Play

Flyers - 1 on 1 Attempt(s) - 100.00%
Devils - 3 on 6 Attempt(s) - 50.00%

Penalty Kill

Flyers - 3 on 6 Attempt(s) - 50.00% - Score 0 goal in Penalty Kill
Devils - 0 on 1 Attempt(s) - 0.00% - Score 0 goal in Penalty Kill

Team Stat

Flyers - Hits : 16 - Faceoff Wins : 40 - Blocked Shots : 6 - Penalty Minutes : 8
Devils - Hits : 17 - Faceoff Wins : 50 - Blocked Shots : 6 - Penalty Minutes : 2

Official

Referees : Frederick L'Ecuyer and Jon Mclsaac
Linesman : Derek Nansen and Tim Nowak

Game Notes

Patrick Wiercioch is injured at 9:12 of 2nd period (Back)
Ryan Ellis is injured at 0:44 of 3rd period (Sore Left Knee)
Trevor Daley is injured at 19:03 of 3rd period (Bruised Right Leg)

Finance

Level 1 -- Attendance: 5830 (97.17%) -- Ticket Income $623,810
Level 2 -- Attendance: 4435 (88.70%) -- Ticket Income $328,190
Level 3 -- Attendance: 2000 (100.00%) -- Ticket Income $140,000
Level 4 -- Attendance: 2847 (78.54%) -- Ticket Income $34,164
Luxury Box -- Attendance: 1000 (100.00%) -- Ticket Income $175,000
Game was played at the Prudential Center'
Total Attendance: 16112 (91.42%)
Total Ticket Income: $1,301,164
Other Income: $195,175
Total Income: $1,496,339

% Time on Ice - Flyers

Lines # - Real PCT - Wanted PCT - Time Play
Normal Forward
1 - 34% - 40% - 15:37
2 - 35% - 35% - 16:10
3 - 24% - 20% - 10:53
4 - 7% - 5% - 3:21
Normal Defense
1 - 49% - 45% - 22:41
2 - 27% - 30% - 12:19
3 - 17% - 20% - 7:54
4 - 7% - 5% - 3:07
PP Forward
1 - 32% - 60% - 0:24
2 - 68% - 40% - 0:52
PP Defense
1 - 32% - 60% - 0:24
2 - 68% - 40% - 0:52
PK Forward
1 - 63% - 60% - 7:23
2 - 37% - 40% - 4:24
PK Defense
1 - 63% - 60% - 7:25
2 - 37% - 40% - 4:22
PK3 Forward
1 - 0% - 60%
2 - 0% - 40%
PK3 Defense
1 - 0% - 60%
2 - 0% - 40%
44 Forward
1 - 0% - 60%
2 - 0% - 40%
44 Defense
1 - 0% - 60%
2 - 0% - 40%
Last Minute Offensive  - 0:00
Last Minute Defensive  - 0:56
Total
Forward - 60:00
Defense - 60:00

% Time on Ice - Devils

Lines # - Real PCT - Wanted PCT - Time Play
Normal Forward
1 - 35% - 40% - 16:05
2 - 31% - 30% - 14:22
3 - 29% - 20% - 13:34
4 - 4% - 10% - 2:00
Normal Defense
1 - 36% - 40% - 16:26
2 - 31% - 30% - 14:22
3 - 21% - 20% - 9:41
4 - 12% - 10% - 5:32
PP Forward
1 - 50% - 60% - 5:53
2 - 50% - 40% - 5:54
PP Defense
1 - 56% - 60% - 6:33
2 - 44% - 40% - 5:14
PK Forward
1 - 50% - 60% - 0:38
2 - 50% - 40% - 0:38
PK Defense
1 - 37% - 60% - 0:28
2 - 63% - 40% - 0:48
PK3 Forward
1 - 0% - 60%
2 - 0% - 40%
PK3 Defense
1 - 0% - 60%
2 - 0% - 40%
44 Forward
1 - 0% - 60%
2 - 0% - 40%
44 Defense
1 - 0% - 60%
2 - 0% - 40%
Last Minute Offensive  - 0:56
Last Minute Defensive  - 0:00
Total
Forward - 60:00
Defense - 60:00

Play by Play

1st period


0:01 of 1st period - Darren Helm wins face-off versus Kyle Okposo in neutral zone.
0:33 of 1st period - Minor Penalty to Darren Helm for Hooking.
0:34 of 1st period - Mike Ribeiro wins face-off versus Johan Franzen in Devils zone.
1:37 of 1st period - Shot by Dan Boyle.
1:37 of 1st period - Shot Misses the Net.
1:39 of 1st period - Shot by Kyle Okposo.
1:39 of 1st period - Stopped by Corey Crawford without a rebound.
1:40 of 1st period - Kyle Okposo wins face-off versus Scott Hartnell in Devils zone.
1:47 of 1st period - Shot by Joel Ward.
1:47 of 1st period - Shot Blocked by Nikita Nikitin.
1:49 of 1st period - Shot by Kyle Okposo.
1:49 of 1st period - Deflect By Daniel Sedin.
1:49 of 1st period - Goal by Daniel Sedin - Flyers : 1 - Devils : 0.
1:50 of 1st period - Olli Jokinen wins face-off versus Vincent Trocheck in neutral zone.
2:01 of 1st period - Icing by Justin Schultz.
2:02 of 1st period - Steve Ott wins face-off versus Kyle Okposo in Devils zone.
3:18 of 1st period - Kyle Brodziak is hit by Darren Helm and loses puck.
3:56 of 1st period - Icing by Dan Boyle.
3:57 of 1st period - Mike Ribeiro wins face-off versus Tommy Wingels in Flyers zone.
3:57 of 1st period - Mike Ribeiro is hit by Tommy Wingels.
4:30 of 1st period - Shot by Tyler Johnson.
4:30 of 1st period - Stopped by Frederik Andersen without a rebound.
4:31 of 1st period - Kyle Okposo wins face-off versus Vincent Trocheck in Flyers zone.
4:55 of 1st period - Shot by Daniel Sedin.
4:55 of 1st period - Shot Misses the Net.
5:27 of 1st period - Olli Jokinen is hit by Scott Hartnell and loses puck.
5:42 of 1st period - Icing by Marc-Edouard Vlasic.
5:43 of 1st period - Jamie McGinn wins face-off versus Damien Brunner in Devils zone.
6:06 of 1st period - Shot by Johan Franzen.
6:06 of 1st period - Shot Misses the Net.
6:11 of 1st period - Marek Zidlicky is hit by Jamie McGinn and loses puck.
6:35 of 1st period - Icing by Ryan Ellis.
6:36 of 1st period - Mike Ribeiro wins face-off versus Tyler Johnson in Flyers zone.
7:20 of 1st period - Shot by Tyler Johnson.
7:20 of 1st period - Stopped by Frederik Andersen without a rebound.
7:20 of 1st period - Double Minor Penalty to Frederik Andersen for Slashing.
7:21 of 1st period - Nathan Gerbe wins face-off versus Vincent Trocheck in Flyers zone.
7:27 of 1st period - Icing by Marc-Edouard Vlasic.
7:28 of 1st period - Nathan Gerbe wins face-off versus Vincent Trocheck in Devils zone.
8:22 of 1st period - Icing by Willie Mitchell.
8:23 of 1st period - Darren Helm wins face-off versus Daniel Sedin in Devils zone.
8:34 of 1st period - Shot by Nikita Nikitin.
8:34 of 1st period - Stopped by Frederik Andersen without a rebound.
8:35 of 1st period - Nathan Gerbe wins face-off versus Darren Helm in Flyers zone.
8:45 of 1st period - Shot by Nikita Nikitin.
8:45 of 1st period - Deflect By Johan Franzen.
8:45 of 1st period - Goal by Johan Franzen - Flyers : 1 - Devils : 1.
8:46 of 1st period - Joel Ward wins face-off versus Darren Helm in neutral zone.
9:46 of 1st period - Shot by Vincent Trocheck.
9:46 of 1st period - Shot Blocked by Nathan Gerbe.
9:48 of 1st period - Shot by Vincent Trocheck.
9:48 of 1st period - Shot Misses the Net.
9:50 of 1st period - Shot by Willie Mitchell.
9:50 of 1st period - Shot Misses the Net.
9:52 of 1st period - Shot by Nikita Nikitin.
9:52 of 1st period - Stopped by Frederik Andersen without a rebound.
9:53 of 1st period - Vincent Trocheck wins face-off versus Daniel Sedin in Flyers zone.
9:54 of 1st period - Shot by Nikita Nikitin.
9:54 of 1st period - Shot Misses the Net.
10:05 of 1st period - Icing by Scott Hartnell.
10:06 of 1st period - Vincent Trocheck wins face-off versus Daniel Sedin in Devils zone.
10:13 of 1st period - Vincent Trocheck is hit by Marek Zidlicky and loses puck.
10:44 of 1st period - Icing by Scott Hartnell.
10:45 of 1st period - Olli Jokinen wins face-off versus Tyler Johnson in Devils zone.
10:48 of 1st period - Shot by Ryan Ellis.
10:48 of 1st period - Shot Misses the Net.
10:50 of 1st period - Shot by Olli Jokinen.
10:50 of 1st period - Shot Misses the Net.
10:57 of 1st period - Icing by Michal Rozsival.
10:58 of 1st period - Mike Ribeiro wins face-off versus Tyler Johnson in Devils zone.
11:00 of 1st period - Minor Penalty to Mike Ribeiro for Holding.
11:01 of 1st period - Darren Helm wins face-off versus Joel Ward in Flyers zone.
11:22 of 1st period - Daniel Sedin is hit by Wayne Simmonds.
11:43 of 1st period - Shot by Marc-Edouard Vlasic.
11:43 of 1st period - Stopped by Frederik Andersen without a rebound.
11:44 of 1st period - Vincent Trocheck wins face-off versus Kyle Brodziak in Flyers zone.
11:49 of 1st period - Shot by Scott Hartnell.
11:49 of 1st period - Goal by Scott Hartnell - Flyers : 1 - Devils : 2.
11:50 of 1st period - Vincent Trocheck wins face-off versus Olli Jokinen in neutral zone.
12:02 of 1st period - Icing by Gabriel Bourque.
12:03 of 1st period - Tyler Johnson wins face-off versus Olli Jokinen in Flyers zone.
12:03 of 1st period - Tyler Johnson is hit by Ryan Ellis.
13:23 of 1st period - Shot by Kyle Okposo.
13:23 of 1st period - Shot Misses the Net.
13:25 of 1st period - Shot by Joel Ward.
13:25 of 1st period - Shot Misses the Net.
13:55 of 1st period - Shot by Wayne Simmonds.
13:55 of 1st period - Shot Blocked by Mark Fistric.
14:09 of 1st period - Shot by Dan Boyle.
14:09 of 1st period - Shot Misses the Net.
14:11 of 1st period - Shot by Kyle Brodziak.
14:11 of 1st period - Stopped by Corey Crawford without a rebound.
14:12 of 1st period - Vincent Trocheck wins face-off versus Olli Jokinen in Devils zone.
14:23 of 1st period - Shot by Scott Hartnell.
14:23 of 1st period - Shot Misses the Net.
15:10 of 1st period - Philip Larsen is hit by Johan Franzen.
15:23 of 1st period - Icing by Marc-Edouard Vlasic.
15:24 of 1st period - Darren Helm wins face-off versus Joel Ward in Devils zone.
15:37 of 1st period - Shot by Wayne Simmonds.
15:37 of 1st period - Stopped by Frederik Andersen with a rebound.
15:39 of 1st period - Shot by Marc-Edouard Vlasic.
15:39 of 1st period - Shot Misses the Net.
16:06 of 1st period - Icing by Dan Boyle.
16:07 of 1st period - Kyle Okposo wins face-off versus Tyler Johnson in Flyers zone.
16:58 of 1st period - Shot by Mike Santorelli.
16:58 of 1st period - Stopped by Corey Crawford without a rebound.
16:59 of 1st period - Vincent Trocheck wins face-off versus Olli Jokinen in Devils zone.
17:13 of 1st period - Mark Fistric is hit by Marc-Edouard Vlasic and loses puck.
17:18 of 1st period - Shot by Gabriel Bourque.
17:18 of 1st period - Stopped by Corey Crawford without a rebound.
17:19 of 1st period - Darren Helm wins face-off versus Mike Ribeiro in Devils zone.
17:33 of 1st period - Minor Penalty to Marek Zidlicky for Slashing.
17:34 of 1st period - Vincent Trocheck wins face-off versus Kyle Brodziak in Flyers zone.
17:41 of 1st period - Shot by Vincent Trocheck.
17:41 of 1st period - Shot Misses the Net.
17:43 of 1st period - Shot by Marc-Edouard Vlasic.
17:43 of 1st period - Shot Misses the Net.
17:45 of 1st period - Shot by Steve Ott.
17:45 of 1st period - Stopped by Frederik Andersen without a rebound.
17:46 of 1st period - Joel Ward wins face-off versus Wayne Simmonds in Flyers zone.
17:46 of 1st period - Joel Ward is hit by Wayne Simmonds.
18:14 of 1st period - Shot by Trevor Daley.
18:14 of 1st period - Shot Misses the Net.
18:47 of 1st period - Shot by Steve Ott.
18:47 of 1st period - Stopped by Frederik Andersen with a rebound.
18:49 of 1st period - Shot by Steve Ott.
18:49 of 1st period - Stopped by Frederik Andersen without a rebound.
18:50 of 1st period - Kyle Brodziak wins face-off versus Vincent Trocheck in Flyers zone.
18:50 of 1st period - Kyle Brodziak is hit by Steve Ott.
19:04 of 1st period - Shot by Willie Mitchell.
19:04 of 1st period - Shot Misses the Net.
19:06 of 1st period - Shot by Vincent Trocheck.
19:06 of 1st period - Stopped by Frederik Andersen without a rebound.
19:07 of 1st period - Darren Helm wins face-off versus Kyle Brodziak in Flyers zone.
19:08 of 1st period - Shot by Marc-Edouard Vlasic.
19:08 of 1st period - Shot Misses the Net.
19:10 of 1st period - Shot by Marc-Edouard Vlasic.
19:10 of 1st period - Goal by Marc-Edouard Vlasic - Flyers : 1 - Devils : 3.
19:11 of 1st period - Kyle Okposo wins face-off versus Tyler Johnson in neutral zone.
19:24 of 1st period - Shot by Kyle Okposo.
19:24 of 1st period - Stopped by Corey Crawford without a rebound.
19:25 of 1st period - Darren Helm wins face-off versus Mike Santorelli in Devils zone.
19:25 of 1st period - Darren Helm is hit by Kyle Brodziak.
19:35 of 1st period - Shot by Marc-Edouard Vlasic.
19:35 of 1st period - Shot Blocked by Marek Zidlicky.
19:37 of 1st period - Shot by Wayne Simmonds.
19:37 of 1st period - Stopped by Frederik Andersen without a rebound.
19:38 of 1st period - Kyle Okposo wins face-off versus Vincent Trocheck in Flyers zone.
19:52 of 1st period - Off-side.
19:53 of 1st period - Mike Ribeiro wins face-off versus Darren Helm in neutral zone.
19:56 of 1st period - Shot by Mike Santorelli.
19:56 of 1st period - Stopped by Corey Crawford without a rebound.
19:57 of 1st period - Darren Helm wins face-off versus Kyle Okposo in Devils zone.
19:57 of 1st period - Wayne Simmonds is hit by Joel Ward and loses puck.
Goals for this period are 1 for Flyers vs 3 for Devils.
Shots for this period are 7 for Flyers vs 14 for Devils.

2nd period


0:01 of 2nd period - Darren Helm wins face-off versus Kyle Okposo in neutral zone.
0:29 of 2nd period - Minor Penalty to Ryan Ellis for Roughing.
0:30 of 2nd period - Scott Hartnell wins face-off versus Kyle Brodziak in Flyers zone.
0:35 of 2nd period - Shot by Vincent Trocheck.
0:35 of 2nd period - Stopped by Frederik Andersen with a rebound.
0:37 of 2nd period - Shot by Steve Ott.
0:37 of 2nd period - Stopped by Frederik Andersen without a rebound.
0:38 of 2nd period - Vincent Trocheck wins face-off versus Kyle Brodziak in Flyers zone.
0:54 of 2nd period - Shot by Vincent Trocheck.
0:54 of 2nd period - Shot Misses the Net.
0:56 of 2nd period - Shot by Willie Mitchell.
0:56 of 2nd period - Shot Blocked by Tom Gilbert.
0:58 of 2nd period - Shot by Vincent Trocheck.
0:58 of 2nd period - Shot Misses the Net.
1:02 of 2nd period - Shot by Steve Ott.
1:02 of 2nd period - Shot Hit the Post.
1:06 of 2nd period - Shot by Nikita Nikitin.
1:06 of 2nd period - Stopped by Frederik Andersen without a rebound.
1:07 of 2nd period - Darren Helm wins face-off versus Daniel Sedin in Flyers zone.
1:13 of 2nd period - Shot by Marc-Edouard Vlasic.
1:13 of 2nd period - Shot Misses the Net.
1:15 of 2nd period - Shot by Trevor Daley.
1:15 of 2nd period - Shot Misses the Net.
1:17 of 2nd period - Shot by Trevor Daley.
1:17 of 2nd period - Shot Misses the Net.
1:25 of 2nd period - Shot by Johan Franzen.
1:25 of 2nd period - Shot Blocked by Dan Boyle.
1:27 of 2nd period - Shot by Darren Helm.
1:27 of 2nd period - Stopped by Frederik Andersen with a rebound.
1:33 of 2nd period - Shot by Trevor Daley.
1:33 of 2nd period - Stopped by Frederik Andersen without a rebound.
1:34 of 2nd period - Kyle Brodziak wins face-off versus Vincent Trocheck in Flyers zone.
1:39 of 2nd period - Nikita Nikitin is hit by Kyle Brodziak and loses puck.
2:01 of 2nd period - Shot by Scott Hartnell.
2:01 of 2nd period - Stopped by Frederik Andersen without a rebound.
2:02 of 2nd period - Darren Helm wins face-off versus Daniel Sedin in Flyers zone.
2:03 of 2nd period - Shot by Trevor Daley.
2:03 of 2nd period - Shot Misses the Net.
2:07 of 2nd period - Shot by Johan Franzen.
2:07 of 2nd period - Stopped by Frederik Andersen without a rebound.
2:08 of 2nd period - Kyle Brodziak wins face-off versus Darren Helm in Flyers zone.
3:43 of 2nd period - Johan Franzen is hit by Kyle Brodziak.
4:31 of 2nd period - Shot by Tommy Wingels.
4:31 of 2nd period - Stopped by Frederik Andersen with a rebound.
4:41 of 2nd period - Icing by Marek Zidlicky.
4:42 of 2nd period - Mike Ribeiro wins face-off versus Tyler Johnson in Flyers zone.
4:42 of 2nd period - Mike Ribeiro is hit by Tommy Wingels.
5:42 of 2nd period - Off-side.
5:43 of 2nd period - Olli Jokinen wins face-off versus Darren Helm in neutral zone.
5:48 of 2nd period - Shot by Olli Jokinen.
5:48 of 2nd period - Shot Misses the Net.
5:51 of 2nd period - Icing by Marc-Edouard Vlasic.
5:52 of 2nd period - Olli Jokinen wins face-off versus Darren Helm in Devils zone.
5:53 of 2nd period - Shot by Gabriel Bourque.
5:53 of 2nd period - Stopped by Corey Crawford with a rebound.
5:55 of 2nd period - Shot by Marek Zidlicky.
5:55 of 2nd period - Shot Misses the Net.
5:57 of 2nd period - Shot by Dany Heatley.
5:57 of 2nd period - Deflect By Olli Jokinen.
5:57 of 2nd period - Stopped by Corey Crawford with a rebound.
5:59 of 2nd period - Shot by Dany Heatley.
5:59 of 2nd period - Shot Misses the Net.
6:29 of 2nd period - Shot by Johan Franzen.
6:29 of 2nd period - Shot Misses the Net.
6:44 of 2nd period - Icing by Trevor Daley.
6:45 of 2nd period - Darren Helm wins face-off versus Kyle Okposo in Devils zone.
7:35 of 2nd period - Scott Hartnell is hit by Ryan Ellis and loses puck.
7:50 of 2nd period - Shot by Tyler Johnson.
7:50 of 2nd period - Stopped by Frederik Andersen with a rebound.
8:10 of 2nd period - Shot by Tommy Wingels.
8:10 of 2nd period - Stopped by Frederik Andersen with a rebound.
8:12 of 2nd period - Shot by Justin Schultz.
8:12 of 2nd period - Stopped by Frederik Andersen without a rebound.
8:13 of 2nd period - Johan Franzen wins face-off versus Mike Ribeiro in Flyers zone.
8:38 of 2nd period - Shot by Mike Santorelli.
8:38 of 2nd period - Shot Blocked by Patrick Wiercioch.
9:11 of 2nd period - Patrick Wiercioch is hit by Philip Larsen and loses puck.
9:12 of 2nd period - Patrick Wiercioch from Devils is injured at 9:12 of 2nd period (Back).
9:13 of 2nd period - Vincent Trocheck wins face-off versus Olli Jokinen in Flyers zone.
9:47 of 2nd period - Shot by Gabriel Bourque.
9:47 of 2nd period - Stopped by Corey Crawford with a rebound.
9:49 of 2nd period - Shot by Dany Heatley.
9:49 of 2nd period - Goal by Dany Heatley - Flyers : 2 - Devils : 3.
9:50 of 2nd period - Mike Ribeiro wins face-off versus Tyler Johnson in neutral zone.
10:19 of 2nd period - Shot by Tyler Johnson.
10:19 of 2nd period - Shot Misses the Net.
10:21 of 2nd period - Shot by Tommy Wingels.
10:21 of 2nd period - Stopped by Frederik Andersen without a rebound.
10:22 of 2nd period - Darren Helm wins face-off versus Kyle Okposo in Flyers zone.
11:00 of 2nd period - Shot by Wayne Simmonds.
11:00 of 2nd period - Stopped by Frederik Andersen without a rebound.
11:01 of 2nd period - Vincent Trocheck wins face-off versus Mike Ribeiro in Flyers zone.
11:04 of 2nd period - Shot by Scott Hartnell.
11:04 of 2nd period - Shot Misses the Net.
11:06 of 2nd period - Shot by Willie Mitchell.
11:06 of 2nd period - Shot Misses the Net.
11:18 of 2nd period - Shot by Scott Hartnell.
11:18 of 2nd period - Shot Misses the Net.
11:20 of 2nd period - Shot by Vincent Trocheck.
11:20 of 2nd period - Shot Misses the Net.
12:26 of 2nd period - Shot by Tyler Johnson.
12:26 of 2nd period - Shot Misses the Net.
12:28 of 2nd period - Shot by Michal Rozsival.
12:28 of 2nd period - Stopped by Frederik Andersen without a rebound.
12:29 of 2nd period - Darren Helm wins face-off versus Kyle Okposo in Flyers zone.
12:50 of 2nd period - Icing by Dan Boyle.
12:51 of 2nd period - Kyle Okposo wins face-off versus Vincent Trocheck in Flyers zone.
14:50 of 2nd period - Icing by Ales Hemsky.
14:51 of 2nd period - Tyler Johnson wins face-off versus Mike Ribeiro in Devils zone.
15:09 of 2nd period - Tommy Wingels is hit by Dan Boyle and loses puck.
15:18 of 2nd period - Shot by Tommy Wingels.
15:18 of 2nd period - Shot Misses the Net.
15:34 of 2nd period - Icing by Tommy Wingels.
15:35 of 2nd period - Ales Hemsky wins face-off versus Kyle Okposo in Devils zone.
16:06 of 2nd period - Tom Gilbert is hit by Darren Helm and loses puck.
16:21 of 2nd period - Marc-Edouard Vlasic is hit by Marek Zidlicky and loses puck.
16:59 of 2nd period - Off-side.
17:00 of 2nd period - Tyler Johnson wins face-off versus Mike Ribeiro in neutral zone.
17:06 of 2nd period - Icing by Mike Santorelli.
17:07 of 2nd period - Vincent Trocheck wins face-off versus Mike Ribeiro in Flyers zone.
17:15 of 2nd period - Icing by Dan Boyle.
17:16 of 2nd period - Mike Ribeiro wins face-off versus Vincent Trocheck in Flyers zone.
17:41 of 2nd period - Shot by Mike Santorelli.
17:41 of 2nd period - Stopped by Corey Crawford without a rebound.
17:42 of 2nd period - Darren Helm wins face-off versus Damien Brunner in Devils zone.
17:42 of 2nd period - Johan Franzen is hit by Jack Skille.
18:05 of 2nd period - Shot by Darren Helm.
18:05 of 2nd period - Shot Misses the Net.
18:15 of 2nd period - Shot by Dan Boyle.
18:15 of 2nd period - Goal by Dan Boyle - Flyers : 3 - Devils : 3.
18:16 of 2nd period - Vincent Trocheck wins face-off versus Kyle Brodziak in neutral zone.
18:16 of 2nd period - Minor Penalty to Mike Ribeiro for Roughing.
18:17 of 2nd period - Kyle Brodziak wins face-off versus Vincent Trocheck in Flyers zone.
18:26 of 2nd period - Shot by Marc-Edouard Vlasic.
18:26 of 2nd period - Deflect By Scott Hartnell.
18:26 of 2nd period - Shot Misses the Net.
18:38 of 2nd period - Shot by Marc-Edouard Vlasic.
18:38 of 2nd period - Stopped by Frederik Andersen without a rebound.
18:39 of 2nd period - Darren Helm wins face-off versus Kyle Brodziak in Flyers zone.
19:38 of 2nd period - Shot by Trevor Daley.
19:38 of 2nd period - Shot Misses the Net.
19:40 of 2nd period - Shot by Marc-Edouard Vlasic.
19:40 of 2nd period - Stopped by Frederik Andersen with a rebound.
19:44 of 2nd period - Shot by Trevor Daley.
19:44 of 2nd period - Shot Misses the Net.
Goals for this period are 2 for Flyers vs 0 for Devils.
Shots for this period are 6 for Flyers vs 16 for Devils.

3rd period


0:01 of 3rd period - Kyle Brodziak wins face-off versus Darren Helm in neutral zone.
0:34 of 3rd period - Shot by Nikita Nikitin.
0:34 of 3rd period - Shot Misses the Net.
0:36 of 3rd period - Shot by Steve Ott.
0:36 of 3rd period - Shot Misses the Net.
0:38 of 3rd period - Shot by Scott Hartnell.
0:38 of 3rd period - Shot Misses the Net.
0:40 of 3rd period - Shot by Nikita Nikitin.
0:40 of 3rd period - Shot Misses the Net.
0:42 of 3rd period - Shot by Nikita Nikitin.
0:42 of 3rd period - Shot Misses the Net.
0:44 of 3rd period - Shot by Vincent Trocheck.
0:44 of 3rd period - Shot Blocked by Ryan Ellis.
0:44 of 3rd period - Ryan Ellis from Flyers is injured at 0:44 of 3rd period (Sore Left Knee).
0:45 of 3rd period - Darren Helm wins face-off versus Kyle Okposo in Flyers zone.
0:57 of 3rd period - Icing by Tom Gilbert.
0:58 of 3rd period - Daniel Sedin wins face-off versus Tyler Johnson in Flyers zone.
0:58 of 3rd period - Daniel Sedin is hit by Tommy Wingels.
1:06 of 3rd period - Shot by Tyler Johnson.
1:06 of 3rd period - Stopped by Frederik Andersen with a rebound.
1:08 of 3rd period - Shot by Ales Hemsky.
1:08 of 3rd period - Stopped by Frederik Andersen without a rebound.
1:09 of 3rd period - Darren Helm wins face-off versus Kyle Brodziak in Flyers zone.
1:10 of 3rd period - Shot by Marc-Edouard Vlasic.
1:10 of 3rd period - Shot Misses the Net.
1:23 of 3rd period - Mike Santorelli is hit by Darren Helm and loses puck.
1:34 of 3rd period - Shot by Mike Ribeiro.
1:34 of 3rd period - Shot Misses the Net.
1:38 of 3rd period - Shot by Mike Santorelli.
1:38 of 3rd period - Deflect By Mike Ribeiro.
1:38 of 3rd period - Shot Blocked by Marc-Edouard Vlasic.
2:34 of 3rd period - Willie Mitchell is hit by Joel Ward.
3:00 of 3rd period - Shot by Willie Mitchell.
3:00 of 3rd period - Stopped by Frederik Andersen without a rebound.
3:01 of 3rd period - Tyler Johnson wins face-off versus Damien Brunner in Flyers zone.
4:35 of 3rd period - Shot by Mike Santorelli.
4:35 of 3rd period - Shot Hit the Post.
5:55 of 3rd period - Shot by Ales Hemsky.
5:55 of 3rd period - Shot Hit the Post.
5:57 of 3rd period - Shot by Justin Schultz.
5:57 of 3rd period - Shot Misses the Net.
5:59 of 3rd period - Shot by Ales Hemsky.
5:59 of 3rd period - Stopped by Frederik Andersen without a rebound.
6:00 of 3rd period - Tyler Johnson wins face-off versus Daniel Sedin in Flyers zone.
6:35 of 3rd period - Off-side.
6:36 of 3rd period - Vincent Trocheck wins face-off versus Olli Jokinen in neutral zone.
6:45 of 3rd period - Shot by Scott Hartnell.
6:45 of 3rd period - Shot Misses the Net.
7:37 of 3rd period - Shot by Johan Franzen.
7:37 of 3rd period - Shot Misses the Net.
7:43 of 3rd period - Trevor Daley is hit by Gabriel Bourque and loses puck.
7:55 of 3rd period - Marc-Edouard Vlasic is hit by Dan Boyle and loses puck.
8:06 of 3rd period - Shot by Daniel Sedin.
8:06 of 3rd period - Stopped by Corey Crawford without a rebound.
8:07 of 3rd period - Tyler Johnson wins face-off versus Damien Brunner in Devils zone.
9:42 of 3rd period - Shot by Mike Ribeiro.
9:42 of 3rd period - Shot Blocked by Michal Rozsival.
9:44 of 3rd period - Shot by Kyle Brodziak.
9:44 of 3rd period - Deflect By Mike Ribeiro.
9:44 of 3rd period - Shot Misses the Net.
10:13 of 3rd period - Icing by Philip Larsen.
10:14 of 3rd period - Mike Ribeiro wins face-off versus Vincent Trocheck in Flyers zone.
10:18 of 3rd period - Mike Ribeiro is hit by Willie Mitchell and loses puck.
10:29 of 3rd period - Shot by Dan Boyle.
10:29 of 3rd period - Shot Misses the Net.
10:31 of 3rd period - Shot by Olli Jokinen.
10:31 of 3rd period - Deflect By Dany Heatley.
10:31 of 3rd period - Shot Misses the Net.
10:33 of 3rd period - Shot by Gabriel Bourque.
10:33 of 3rd period - Shot Misses the Net.
11:22 of 3rd period - Tom Gilbert is hit by Nikita Nikitin and loses puck.
11:25 of 3rd period - Shot by Joel Ward.
11:25 of 3rd period - Shot Misses the Net.
11:27 of 3rd period - Shot by Kyle Okposo.
11:27 of 3rd period - Shot Misses the Net.
11:29 of 3rd period - Shot by Tom Gilbert.
11:29 of 3rd period - Shot Misses the Net.
11:31 of 3rd period - Shot by Tom Gilbert.
11:31 of 3rd period - Shot Misses the Net.
11:33 of 3rd period - Shot by Joel Ward.
11:33 of 3rd period - Stopped by Corey Crawford without a rebound.
11:34 of 3rd period - Wayne Simmonds wins face-off versus Mike Santorelli in Devils zone.
11:34 of 3rd period - Wayne Simmonds is hit by Kyle Brodziak.
11:41 of 3rd period - Shot by Wayne Simmonds.
11:41 of 3rd period - Stopped by Frederik Andersen without a rebound.
11:42 of 3rd period - Darren Helm wins face-off versus Joel Ward in Flyers zone.
12:15 of 3rd period - Shot by Kyle Okposo.
12:15 of 3rd period - Stopped by Corey Crawford without a rebound.
12:16 of 3rd period - Mike Ribeiro wins face-off versus Tyler Johnson in Devils zone.
12:21 of 3rd period - Shot by Mike Santorelli.
12:21 of 3rd period - Shot Blocked by Mark Fayne.
12:46 of 3rd period - Shot by Tyler Johnson.
12:46 of 3rd period - Deflect By Tommy Wingels.
12:46 of 3rd period - Shot Misses the Net.
12:51 of 3rd period - Icing by Mike Santorelli.
12:52 of 3rd period - Darren Helm wins face-off versus Mike Ribeiro in Flyers zone.
13:19 of 3rd period - Icing by Marek Zidlicky.
13:20 of 3rd period - Vincent Trocheck wins face-off versus Mike Ribeiro in Flyers zone.
13:44 of 3rd period - Shot by Vincent Trocheck.
13:44 of 3rd period - Stopped by Frederik Andersen without a rebound.
13:45 of 3rd period - Darren Helm wins face-off versus Kyle Okposo in Flyers zone.
13:52 of 3rd period - Shot by Wayne Simmonds.
13:52 of 3rd period - Stopped by Frederik Andersen without a rebound.
13:52 of 3rd period - Minor Penalty to Frederik Andersen for Slashing.
13:53 of 3rd period - Nathan Gerbe wins face-off versus Darren Helm in Flyers zone.
14:48 of 3rd period - Shot by Nikita Nikitin.
14:48 of 3rd period - Shot Misses the Net.
14:50 of 3rd period - Shot by Willie Mitchell.
14:50 of 3rd period - Stopped by Frederik Andersen without a rebound.
14:51 of 3rd period - Vincent Trocheck wins face-off versus Damien Brunner in Flyers zone.
14:54 of 3rd period - Shot by Nikita Nikitin.
14:54 of 3rd period - Stopped by Frederik Andersen without a rebound.
14:55 of 3rd period - Vincent Trocheck wins face-off versus Kyle Brodziak in Flyers zone.
15:58 of 3rd period - Shot by Tyler Johnson.
15:58 of 3rd period - Stopped by Frederik Andersen without a rebound.
15:59 of 3rd period - Darren Helm wins face-off versus Gabriel Bourque in Flyers zone.
15:59 of 3rd period - Trevor Daley is hit by Philip Larsen and loses puck.
16:03 of 3rd period - Icing by Dan Boyle.
16:04 of 3rd period - Olli Jokinen wins face-off versus Darren Helm in Flyers zone.
16:45 of 3rd period - Shot by Olli Jokinen.
16:45 of 3rd period - Stopped by Corey Crawford with a rebound.
16:47 of 3rd period - Shot by Olli Jokinen.
16:47 of 3rd period - Shot Misses the Net.
16:59 of 3rd period - Shot by Kyle Okposo.
16:59 of 3rd period - Shot Misses the Net.
17:01 of 3rd period - Shot by Mark Fistric.
17:01 of 3rd period - Goal by Mark Fistric - Flyers : 4 - Devils : 3.
17:02 of 3rd period - Kyle Okposo wins face-off versus Vincent Trocheck in neutral zone.
17:17 of 3rd period - Shot by Vincent Trocheck.
17:17 of 3rd period - Stopped by Frederik Andersen without a rebound.
17:18 of 3rd period - Mike Ribeiro wins face-off versus Tyler Johnson in Flyers zone.
17:18 of 3rd period - Philip Larsen is hit by Tommy Wingels.
17:43 of 3rd period - Off-side.
17:44 of 3rd period - Kyle Okposo wins face-off versus Vincent Trocheck in neutral zone.
17:57 of 3rd period - Shot by Daniel Sedin.
17:57 of 3rd period - Deflect By Kyle Okposo.
17:57 of 3rd period - Stopped by Corey Crawford without a rebound.
17:58 of 3rd period - Mike Ribeiro wins face-off versus Darren Helm in Devils zone.
18:26 of 3rd period - Mike Santorelli is hit by Trevor Daley and loses puck.
18:41 of 3rd period - Shot by Mike Santorelli.
18:41 of 3rd period - Shot Misses the Net.
18:43 of 3rd period - Shot by Mike Santorelli.
18:43 of 3rd period - Stopped by Corey Crawford with a rebound.
18:50 of 3rd period - Icing by Marc-Edouard Vlasic.
18:51 of 3rd period - Kyle Okposo wins face-off versus Wayne Simmonds in Devils zone.
19:03 of 3rd period - Shot by Kyle Okposo.
19:03 of 3rd period - Shot Blocked by Trevor Daley.
19:03 of 3rd period - Trevor Daley from Devils is injured at 19:03 of 3rd period (Bruised Right Leg).
19:04 of 3rd period - Mike Santorelli wins face-off versus Tyler Johnson in Devils zone.
19:17 of 3rd period - Shot by Daniel Sedin.
19:17 of 3rd period - Shot Misses the Net.
19:53 of 3rd period - Shot by Marek Zidlicky.
19:53 of 3rd period - Stopped by Corey Crawford without a rebound.
19:54 of 3rd period - Mike Ribeiro wins face-off versus Darren Helm in Devils zone.
19:55 of 3rd period - Shot by Daniel Sedin.
19:55 of 3rd period - Shot Misses the Net.
Goals for this period are 1 for Flyers vs 0 for Devils.
Shots for this period are 8 for Flyers vs 11 for Devils.


Output by the SimonT Hockey Simulator (STHS) for Stephane Roy -- Original Page W3C XHTML 1.0 Valid
Hockey Simulator - Hockey Simulation - Hockey Manager